 Dungeon Crawl Stone Soup version 0.31-a0-1278-g11c5b68f87 (webtiles) character file.

Game seed: 11217852680370810796

2109 clenchingflame the Fighter (level 9, -1/93 (106) HPs)
             Began as an Ogre Gladiator on Dec 18, 2023.
             Was an Initiate of Hepliaklqana.
             Succumbed to a water moccasin's poison
             ... on level 6 of the Dungeon.
             The game lasted 00:34:20 (6437 turns).

clenchingflame the Fighter (Ogre Gladiator)         Turns: 6437, Time: 00:34:20

HP:   -1/93 (106)   AC:  6    Str: 19 (22) XL:     9   Next: 28%
MP:   9/9           EV: 11    Int:  7 (9)  God:    Hepliaklqana [......]
Gold: 320           SH:  0    Dex: 13 (14) Spells: 6/8 levels left

rFire   . . .        k - +0 giant spiked club
rCold   . . .        (shield currently unavailable)
rNeg    . . .        a - +1 robe of Sorcery {rCorr Str-2 Dex+4}
rPois   .            c - +1 hat
rElec   .            j - +0 cloak
rCorr   +            (gloves unavailable)
SInv    .            (boots unavailable)
Will    .....        r - amulet of the acrobat
Stlth   x              - ring of resist corrosion
HPRegen 0.35/turn    (no ring)
MPRegen 0.11/turn

%: acrobat
@: lethally poisoned (-1 -> -25), silenced, studying Stealth, heavily drained
A: large, unfitting armour, tough skin 1
a: Renounce Religion


You were on level 6 of the Dungeon.
You worshipped Hepliaklqana.
Hepliaklqana was noncommittal.
You visited 2 branches of the dungeon, and saw 7 of its levels.

You collected 320 gold pieces.

Inventory:

Hand Weapons
 k - a +0 giant spiked club (weapon)
 p - a +1 morningstar
Missiles
 d - 3 throwing nets
 e - a large rock
 l - 53 stones (quivered)
 s - 2 javelins
Armour
 a - the +1 robe of Sorcery (worn) {rCorr Str-2 Dex+4}
   (You took it off an orc on level 3 of the Dungeon)

   Str-2:     It affects your strength (-2).
   Dex+4:     It affects your dexterity (+4).
   rCorr:     It protects you from acid and corrosion.
 b - a +0 robe
 c - a +1 hat (worn)
 j - a +0 cloak (worn)
Jewellery
 r - an amulet of the acrobat (around neck)
 x - a ring of resist corrosion (left hand)
Scrolls
 g - a scroll of blinking {unknown}
 h - 7 scrolls of identify {unknown}
 m - a scroll of vulnerability {unknown}
 o - 2 scrolls of fog {unknown}
 t - a scroll of enchant armour
 w - a scroll of poison {unknown}
 y - a scroll of enchant weapon {unknown}
 z - a scroll of revelation {unknown}
 A - a scroll of immolation {unknown}
Potions
 f - 3 potions of brilliance
 n - a potion of berserk rage {unknown}
 q - 2 potions of attraction {unknown}


   Skills:
 + Level 11.8 Fighting
 * Level 7.2 Maces & Flails
 - Level 2.0 Throwing
 - Level 4.0 Dodging


You had 6 spell levels left.
You knew the following spells:

 Your Spells              Type           Power      Damage    Failure   Level
a - Wereblood             Tmut           0%         N/A       56%         2

Your spell library contained the following spells:

 Spells                   Type           Power      Damage    Failure   Level
 Freeze                   Ice            0%         1d3       43%         1
 Magic Dart               Conj           0%         1d3       43%         1
 Call Imp                 Summ           0%         N/A       56%         2
 Sublimation of Blood     Necr           0%         N/A       56%         2
 Frozen Ramparts          Ice            0%         1d1       80%         3
 Hailstorm                Conj/Ice       0%         3d5       80%         3
 Mephitic Cloud           Conj/Pois/Air  0%         N/A       80%         3
 Leda's Liquefaction      Tmut/Erth      0%         N/A       99%         4
 Lee's Rapid Deconstruct  Erth           0%         3d4*      100%        5
 Bombard                  Conj/Erth      0%         9d1       100%        6
 Haunt                    Necr/Summ      0%         N/A       100%        7
 Summon Hydra             Summ           0%         N/A       100%        7
 Borgnjor's Revivificati  Necr           0%         N/A       100%        8
 Death's Door             Necr           0%         N/A       100%        9


Dungeon Overview and Level Annotations

Branches:
Dungeon (6/15)             Temple (1/1) D:6

Altars:
Ashenzari
Dithmenos
Elyvilon
Fedhas
Gozag
Hepliaklqana
Kikubaaqudgha
Makhleb
Nemelex Xobeh
Okawaru
Qazlal
Ru
Sif Muna
Trog
Uskayaw
Vehumet
Wu Jian
Xom
The Shining One

Annotations:
D:5 Dowan, Duvessa, Sigmund


Innate Abilities, Weirdness & Mutations

You are too large for most types of armour.
You have tough skin. (AC +1)


Message History

You miss the water moccasin.
The water moccasin bites you but does no damage.
The water moccasin bites you.
You are poisoned.
The water moccasin poisons you! The wight hits you with a +3 mace.
You feel drained.
You miss the water moccasin.
You feel very sick.
The water moccasin bites you but does no damage. x2
The wight hits you with a +3 mace!
You barely miss the water moccasin.
You feel very sick.
The water moccasin bites you but does no damage.
The wight barely misses you. The water moccasin closely misses you.
The wight closely misses you.
You closely miss the wight.
You feel sick. The water moccasin bites you.
You are more poisoned.
The water moccasin poisons you! The water moccasin bites you!
The wight hits you with a +3 mace!
It was a potion of degeneration.
There was something very wrong with that liquid.
You feel weakened.
You feel dopey.
You feel clumsy.
You feel very sick. The water moccasin bites you.
The wight hits you with a +3 mace!
* * * LOW HITPOINT WARNING * * *
The water moccasin barely misses you.
As you read the scroll labelled IFRUIVV QUHAO, it crumbles to dust.
It is a scroll of enchant armour.
Your +0 hat glows green for a moment.
You feel very sick. The wight hits you with a +3 mace!
* * * LOW HITPOINT WARNING * * *
You feel drained.
* * * LOW HITPOINT WARNING * * *
The water moccasin bites you.
* * * LOW HITPOINT WARNING * * *
You are more poisoned.
The water moccasin poisons you!
As you read the scroll labelled DEADDE WAISH, it crumbles to dust.
A profound silence engulfs you.
It was a scroll of silence.
You die...

####.......# #).#
#..........# #..#
####..#..### ##.#
##....###### #..###
##........###....#
#...####...#.##.#
##......##...##.#
#..###.....#####
#####...###...@###
###.....#.##..##Sz.#
.##.....#....#....##
........######.#.##
<##.....#
#..#........
.##.....# ...
....S.... ..#.....#
#.##..........
........# #.
#..........
....###.# .
#..........


You could see a water moccasin and a wight.

Vanquished Creatures
  Pikel (D:5)
  2 water moccasins
  An ice beast (D:6)
  A black bear (D:4)
  An ogre (D:5)
  3 lemures (D:5)
  A phantom (D:5)
  3 scorpions
  4 wights (D:6)
  2 hounds (D:5)
  A jelly (D:4)
  5 orc priests
  2 sleepcaps
  4 orc wizards
  7 adders
  12 gnolls
  A shadow imp (D:4)
  2 white imps
  A worm (D:3)
  3 dart slugs
  25 orcs
  6 bats
  10 endoplasms
  4 giant cockroaches
  6 goblins
  7 hobgoblins
  2 jackals (D:3)
  5 kobolds
  2 quokkas
  4 ball pythons
  3 frilled lizards
  4 rats
135 creatures vanquished.

Notes
Turn   | Place    | Note
-------+----------+-------------------------------------------
     0 | D:1      | clenchingflame the Ogre Gladiator began the quest for the
                  | Orb.
     0 | D:1      | Reached XP level 1. HP: 22/22 MP: 1/1
    86 | D:1      | Reached skill level 3 in Fighting
    89 | D:1      | Reached XP level 2. HP: 23/31 MP: 2/2
   570 | D:1      | Reached XP level 3. HP: 30/37 MP: 3/3
   864 | D:2      | Found a faded altar of an unknown god.
  1606 | D:3      | Reached XP level 4. HP: 48/48 MP: 4/4
  1645 | D:3      | Reached skill level 4 in Fighting
  1951 | D:3      | Reached XP level 5. HP: 26/55 MP: 5/5
  2145 | D:3      | Learned a level 2 spell: Wereblood
  2917 | D:3      | Reached skill level 5 in Fighting
  3073 | D:4      | Reached XP level 6. HP: 54/66 MP: 6/6
  3188 | D:4      | Noticed a black bear
  3246 | D:3      | Reached skill level 5 in Maces & Flails
  3292 | D:4      | Identified the +1 robe of Sorcery {rCorr Str-2 Dex+4}
  3307 | D:3      | Reached skill level 6 in Fighting
  4051 | D:4      | Noticed a water moccasin
  4067 | D:4      | Killed a water moccasin
  4068 | D:4      | Reached skill level 7 in Fighting
  4068 | D:4      | Reached XP level 7. HP: 24/78 MP: 7/7
  4075 | D:4      | HP: 3/78 [poisoned by a water moccasin]
  4078 | D:4      | HP: 1/78 [poisoned by a water moccasin]
  4747 | D:5      | Entered Level 5 of the Dungeon
  4822 | D:5      | Noticed Sigmund
  4999 | D:5      | HP: 3/79 [ogre/+0 giant spiked club (27)]
  5004 | D:5      | Reached skill level 8 in Fighting
  5057 | D:5      | Noticed Pikel
  5179 | D:5      | Killed Pikel
  5180 | D:5      | Reached skill level 10 in Fighting
  5180 | D:5      | Reached XP level 8. HP: 11/93 MP: 8/8
  5490 | D:5      | Noticed Dowan
  5494 | D:5      | Noticed Duvessa
  5614 | D:5      | Reached skill level 11 in Fighting
  5679 | D:5      | Reached XP level 9. HP: 97/105 MP: 9/9
  5862 | D:5      | Identified the +0 leather armour of Fedhas's Vengeance
                  | {+Blink Str-5 Int+5 SInv}
  6113 | D:6      | Found a staircase to the Ecumenical Temple.
  6127 | Temple   | Entered the Ecumenical Temple
  6183 | Temple   | Became a worshipper of Hepliaklqana the Forgotten
  6437 | D:6      | Succumbed to a water moccasin's poison

Illustrated notes

Levels and vault maps discovered:
D:1:      saegor_arrival_simple_a, layout_loops_ring,
          minmay_misc_feat_nine_boxes
D:2:      layout_loops_ring, hellmonk_ecumenical_altar_leap_of_faith
D:3:      layout_loops_ring, nicolae_titane
D:4:      layout_loops_ring, minmay_manual_mullet
D:5:      layout_loops_ring, uniq_sigmund, uniq_pikel, uniq_duvessa
D:6:      layout_rooms, gammafunk_temple_overflow_wave,
          minmay_temple_entry_mist, uniq_prince_ribbit1
Temple:   compressed_dpeg_triangle_lava_temple

Skill      XL: |  1  2  3  4  5  6  7  8  9 |
---------------+----------------------------+-----
Fighting       | 3 4 5 7 10 11 | 11.8
Maces & Flails | 3 4 5 6 7 |  7.2
Dodging        | 3 4 |  4.0
Throwing       | |  2.0

Action                     |  1- 3 |  4- 6 |  7- 9 || total
---------------------------+-------+-------+-------++-------
  Melee: Flail             |    99 |   141 |       ||   240
         Punch             |     1 |       |     1 ||     2
         Short sword       |     4 |       |       ||     4
         Mace              |       |    81 |    73 ||   154
         Giant spiked club |       |       |    93 ||    93
  Throw: Stone             |     4 |       |     5 ||     9
    Use: Potion            |     2 |     5 |     3 ||    10
         Scroll            |       |       |     2 ||     2
   Stab: Sleeping          |       |     1 |       ||     1
 Armour: Robe              |    66 |   151 |   144 ||   361
         Skin              |       |       |    25 ||    25
  Dodge: Dodged            |    52 |   120 |    99 ||   271

Table legend: (Time is in decaauts)
 A = Elapsed time spent in this place.
 B = Non-inter-level travel time spent in this place.
 C = Inter-level travel time spent in this place.
 D = Time resting spent in this place.
 E = Time spent auto-exploring this place.
 F = Levels seen in this place.
 G = Mean time per level.
                   A        B        C        D        E       F      G
               +--------+--------+--------+--------+--------+-----+--------+
         Total |   6557 |   6409 |    148 |   2283 |   2310 |   7 |  936.7 |
       Dungeon |   6481 |   6364 |    117 |   2283 |   2310 |   6 | 1080.2 |
        Temple |     75 |     44 |     31 |      0 |      0 |   1 |   75.0 |
               +--------+--------+--------+--------+--------+-----+--------+

Top non-repeatable levels by time:
     D:3: 1905 daAuts
     D:4: 1551 daAuts
     D:5: 1228 daAuts
     D:1: 810 daAuts
     D:2: 667 daAuts
     D:6: 317 daAuts
  Temple: 75 daAuts
